AoeStats
← 穿越时空的思念

Black Forest

508223731Analyzed
4v4 RM · 12d ago on Sep 21, 2026· 29m 22s· 8 players
Game mode
Random Map
Map size
Large (8 player)
Population
200
Speed
Normal
Resources
Standard
Victory
Conquest
Starting age
Dark Age
Ending age
Imperial Age
RankedLock teamsTeams togetherTeam positionsShared explorationLock speedFull tech treeHidden civsTurbo modeCheats
Victory
Defeat
🇧🇷 Japanese · Brazil
1069
+14
🇨🇳 Franks · China
1065
+13
🇨🇳 Huns · China
975
+17
968
+17
🇩🇪 Tatars · Germany
1013
-16
🇹🇷 Turks · Türkiye
1013
-16
🇨🇳 Spanish · China
978
-14
🇬🇧 Britons · United Kingdom
966
-14
JK
11:25 Feudal Age
15:26 Castle Age
13:56 Double-Bit Axe
16:28 Bow Saw
16:09 Horse Collar
21:06 Heavy Plow
25:01 Gold Mining
25:01 Stone Mining
26:18 Wheelbarrow
25:29 Town Watch
25:30 Loom
25:49 Husbandry
26:00 Bloodlines
26:39 Padded Archer Armor
26:29 Fletching
28:58 Bodkin Arrow
Mugetsu
2:28 Loom
11:42 Feudal Age
12:05 Horse Collar
12:13 Double-Bit Axe
19:28 Castle Age
17:37 Stone Mining
17:54 Gold Mining
18:50 Town Watch
19:47 Wheelbarrow
21:12 Heavy Plow
21:25 Bow Saw
23:01 Gold Shaft Mining
22:46 Fletching
25:57 Ballistics
30:55 Imperial Age
29:28 Bodkin Arrow
29:34 Padded Archer Armor
SexyDaddy
1:46 Loom
13:01 Feudal Age
20:39 Castle Age
18:59 Double-Bit Axe
穿越时空的思念
16:59 Feudal Age
30:17 Castle Age
BoBo鸡之印第安走地鸡
0:56 Loom
17:35 Feudal Age
19:36 Wheelbarrow
18:45 Horse Collar
18:58 Gold Mining
19:02 Stone Mining
19:01 Double-Bit Axe
22:47 Castle Age
25:05 Hand Cart
25:18 Bow Saw
市委书记李达康
2:56 Loom
11:02 Feudal Age
12:56 Double-Bit Axe
15:17 Castle Age
23:17 Wheelbarrow
24:09 Bow Saw
23:59 Gold Mining
26:34 Hand Cart
27:01 Gold Shaft Mining
29:51 Imperial Age
28:18 Stone Mining
29:58 Husbandry
29:19 Light Cavalry
笨狸特能吃
8:54 Feudal Age
8:56 Man-at-Arms
9:30 Double-Bit Axe
12:30 Arson
15:02 Forging
20:17 Castle Age
19:21 Scale Mail Armor
20:13 Gold Mining
20:18 Long Swordsman
21:14 Chain Mail Armor
21:21 Bow Saw
21:27 Horse Collar
24:47 Wheelbarrow
24:45 Fishing Lines
25:04 Gambesons
27:40 Iron Casting
27:51 Gillnets
31:53 Imperial Age
29:41 Hand Cart
省委高育良
1:14 Loom
11:20 Feudal Age
16:05 Castle Age
15:26 Horse Collar
15:33 Double-Bit Axe
23:29 Stone Mining
25:11 Bow Saw
25:17 Heavy Plow
25:38 Gold Mining
30:55 Imperial Age
29:03 Gold Shaft Mining
28:55 Scale Barding Armor
29:00 Forging
29:59 Chain Barding Armor
Connection lost

Rejoining the realm…

Still unreachable

The connection could not be restored.

Session expired

The server has moved on; the page needs a fresh start.